 Dungeon Crawl Stone Soup version 0.27-a0-1500-g450c7e4133 (webtiles) character file.

Game seed: 1475413125549624182

49 lunkers the Insei (level 4, -2/33 HPs)
             Began as a Djinni Warper on July 7, 2021.
             Killed from afar by an orc wizard (6 damage)
             ... with a magic dart
             ... on level 4 of the Dungeon.
             The game lasted 00:04:32 (2886 turns).

lunkers the Insei (Djinni Warper)                   Turns: 2886, Time: 00:04:32

Health: -2/33      AC:  3    Str: 10    XL:     4   Next: 1%
Gold:   47         EV: 12    Int: 20    God:
                   SH:  0    Dex: 14

rFire    + + .     SeeInvis .     - Unarmed
rCold    x . .     Faith    .   (no shield)
rNeg     . . .     Spirit   .   a - +0 leather armour
rPois    ∞         Reflect  .   (no helmet)
rElec    .         Harm     .   (no cloak)
rCorr    .         Rampage  .   (no gloves)
Will     .....                  (boots unavailable)
Stlth    +.........             (no amulet)
HPRegen  0.11/turn              h - +6 ring of intelligence
MPRegen  0.00/turn              (no ring)

@: flying
A: sickness immunity, fire resistance 2, cold vulnerability 1, float, innate
caster, hp casting, extra vitality 1
a: no special abilities


You were on level 4 of the Dungeon.
You visited 1 branch of the dungeon, and saw 3 of its levels.

You collected 47 gold pieces.

Inventory:

Missiles
 c - 5 boomerangs of dispersal
Armour
 a - a +0 leather armour (worn)
Jewellery
 h - a +6 ring of intelligence (left hand)
Scrolls
 b - a scroll of blinking
 d - a scroll of amnesia {unknown}
 e - a scroll of identify {unknown}


   Skills:
 - Level 2.0 Fighting
 - Level 0.7 Throwing
 - Level 1.0 Armour
 - Level 2.1 Dodging
 * Level 3.4 Unarmed Combat
 + Level 2.8 Spellcasting


You couldn't memorise any spells.
You knew the following spells:

 Your Spells              Type           Power      Damage    Failure   Level
b - Lesser Beckoning      Tloc           7%         N/A       19%         3
c - Gell's Gravitas       Tloc           7%         N/A       19%         3
d - Teleport Other        Tloc           14%        N/A       19%         3
e - Manifold Assault      Tloc           14%        N/A       86%         5
p - Blink                 Tloc           N/A        N/A       10%         2
q - Summon Small Mammal   Summ           56%        N/A       6%          1
Your spell library was empty.

Dungeon Overview and Level Annotations

Branches:
Dungeon (2/15)

Altars:


Innate Abilities, Weirdness & Mutations

You are immune to sickness and miasma.
You are immune to poison.
Your flesh is very heat resistant. (rF++)
You are vulnerable to cold. (rC-)
You float through the air rather than walking.
You learn spells naturally, not from books.
Your magical power is your life essence.
You have superior vitality. (+4 HP)


Message History

Confirm with . or Enter, or press ? or * to list all spells.
The spell is quite dangerous to cast (19% risk of failure)!
Continue anyway? [Y]es or [N]o only, please.
The spell is quite dangerous to cast (19% risk of failure)!
Continue anyway?
Aiming: Gell's Gravitas (quite dangerous; 19% risk of failure)
Press: ? - help, Dir - move target, f - orc
Aim: an orc, wielding a +0 mace (lightly wounded)
You miscast Gell's Gravitas.
You are very lightly contaminated with residual magic.
Nothing appears to happen.
* * * LOW HITPOINT WARNING * * *
You hear some strange, mumbled words.
You are confused.
Unknown command.
Unknown command.
You're too confused to cast spells.
You miss the orc.
The orc is lightly wounded.
The orc closely misses you.
It was a potion of might.
You feel very mighty all of a sudden. The orc hits you with a +0 mace.
* * * LOW HITPOINT WARNING * * *
The orc hits you from afar with a +0 trident.
* * * LOW HITPOINT WARNING * * *
It was a potion of cancellation.
Your magical effects are unravelling.
You feel magically purged.
Your magical contamination has completely faded away.
You feel less confused.
You feel a little less mighty now.
The orc hits you from afar with a +0 trident.
* * * LOW HITPOINT WARNING * * *
Casting: Gell's Gravitas (quite dangerous; 19% risk of failure)
Confirm with . or Enter, or press ? or * to list all spells.
Okay, then.
You hear some strange, mumbled words.
Something tries to affect you, but you resist.
A magic dart appears from out of thin air!
The magic dart hits you.
You die...

.. ... ## #..# .. ..#
. .... #.# .# ....
#.######.## .... .
#..##.....##..# ..
#.....@.......#
...####.{#######....#
#...#..## ##...(.#
#..o.# ##o.<..)#
###..# ##...##..#
##o# ##...## ..#
##o###..b## .
#.o...o.## #.....b.#


There were no monsters in sight!

Vanquished Creatures
  A dart slug (D:1)
  4 ball pythons
  7 bats
  4 endoplasms
  3 giant cockroaches
  A goblin (D:1)
  2 hobgoblins (D:1)
  4 jackals (D:1)
  3 kobolds (D:1)
  A quokka (D:1)
  4 rats (D:1)
34 creatures vanquished.

Vanquished Creatures (collateral kills)
  2 worms (D:2)
  An orc (D:4)
  2 hobgoblins (D:2)
5 creatures vanquished.

Vanquished Creatures (others)
  A fungus (D:1)
  2 plants (D:1)
3 creatures vanquished.

Grand Total: 42 creatures vanquished

Notes
Turn   | Place    | Note
-------+----------+-------------------------------------------
     0 | D:1      | lunkers the Djinni Warper began the quest for the Orb.
     0 | D:1      | Reached XP level 1. HP: 18/18 MP: 0/0
   285 | D:1      | Reached XP level 2. HP: 6/23 MP: 0/0
   837 | D:1      | Reached XP level 3. HP: 19/28 MP: 0/0
   837 | D:1      | Learned a level 1 spell: Summon Small Mammal
   963 | D:1      | Reached skill level 3 in Unarmed Combat
  1222 | D:1      | Found a faded altar of an unknown god.
  2848 | D:2      | You are sucked into a shaft and drop 2 floors!
  2864 | D:4      | Reached XP level 4. HP: 16/33 MP: 0/0
  2886 | D:4      | Killed from afar by an orc wizard

Illustrated notes

Levels and vault maps discovered:
D:1:      dpeg_arrival_boxes_within_box, layout_basic,
          shapermc_ecumenical_altar_mp_urbaneastern
D:2:      layout_basic, basic_altar
D:4:      layout_layer_cave, mainiacjoe_overflow_catwalk, serial_shops,
          nicolae_shop_stone, uniq_ijyb, uniq_grinder, uniq_menkaure,
          uniq_eustachio

Skill      XL: |  1  2  3 |
---------------+----------+-----
Unarmed Combat | 3 |  3.4
Fighting       | |  2.0
Throwing       | |  0.7
Armour         | |  1.0
Dodging        | |  2.1
Spellcasting   | |  2.8

Action                   |  1- 3 |  4- 6 || total
-------------------------+-------+-------++-------
Melee: Unarmed           |   182 |     4 ||   186
 Cast: Summon Small Mamm |    14 |       ||    14
  Use: Potion            |       |     2 ||     2
 Stab: Sleeping          |     1 |       ||     1
Armor: Leather armour    |    74 |     1 ||    75
Dodge: Dodged            |   138 |     7 ||   145

Table legend: (Time is in decaauts)
 A = Elapsed time spent in this place.
 B = Non-inter-level travel time spent in this place.
 C = Inter-level travel time spent in this place.
 D = Time resting spent in this place.
 E = Time spent auto-exploring this place.
 F = Levels seen in this place.
 G = Mean time per level.
                   A        B        C        D        E       F      G
               +--------+--------+--------+--------+--------+-----+--------+
         Total |   2877 |   2822 |     55 |    456 |   1847 |   3 |  959.0 |
       Dungeon |   2877 |   2822 |     55 |    456 |   1847 |   3 |  959.0 |
               +--------+--------+--------+--------+--------+-----+--------+

Top non-repeatable levels by time:
     D:1: 1754 daAuts
     D:2: 1086 daAuts
     D:4: 36 daAuts
